 Dungeon Crawl Stone Soup version 0.30-a0-722-g3e6e8c874d (webtiles) character file.

Game seed: 11219168374840627216

53990 browni3141 the Grappler (level 14, -6/150 HPs)
             Began as a Troll Berserker on Jan 28, 2023.
             Was a High Priest of Trog.
             Mangled by an eight-headed hydra (12 damage)
             ... on level 4 of the Lair of Beasts.
             The game lasted 00:30:40 (14745 turns).

browni3141 the Grappler (Troll Berserker)          Turns: 14745, Time: 00:30:40

Health: -6/150     AC:  9    Str: 29    XL:     14   Next: 32%
Magic:  13/13      EV: 12    Int:  2    God:    Trog [*****.]
Gold:   847        SH:  5    Dex: 10    Spells: 13/13 levels left

rFire   + . .      SeeInvis .      - Unarmed
rCold   x . .      Faith    .    (no shield)
rNeg    + . .      Spirit   .    z - +0 troll leather armour {Pargi}
rPois   +          Reflect  +    (helmet restricted)
rElec   .          Harm     .    J - +2 ratskin cloak {*Rats rPois rN+ Str-1 Int-1 Dex+1}
rCorr   +          Rampage  .    (gloves unavailable)
Will    +....                    (boots unavailable)
Stlth   +                        C - amulet of reflection
HPRegen 2.05/turn                o - ring of resist corrosion
MPRegen 0.13/turn                g - ring of Noon {Fire rPois Str-2 Slay+3}

@: no status effects
A: large, unfitting armour, claws 3, regeneration 1, shaggy fur 1, tough skin 1
a: Renounce Religion, Berserk, Trog's Hand, Brothers in Arms


You were on level 4 of the Lair of Beasts.
You worshipped Trog.
Trog was extremely pleased with you.
You visited 3 branches of the dungeon, and saw 16 of its levels.
You also visited: Sewer and Volcano.

You collected 1775 gold pieces.
You spent 928 gold pieces at shops.

Inventory:

Missiles
 h - a throwing net
 x - a curare-tipped dart
 R - 4 large rocks
 X - 10 boomerangs (quivered)
Armour
 a - a +0 animal skin
 q - a +0 cloak
 z - a +0 troll leather armour (worn) {Pargi}
 J - the +2 ratskin cloak (worn) {*Rats rPois rN+ Str-1 Int-1 Dex+1}
   (You found it on level 6 of the Dungeon)

   *Rats:     When the wearer is hurt, rats may emerge from it to assist them.
   Str:       It affects your strength (-1).
   Int:       It affects your intelligence (-1).
   Dex:       It affects your dexterity (+1).
   rPois:     It protects you from poison.
   rN:        It protects you from negative energy.
 S - a +0 kite shield
 Z - a +2 robe of willpower
Jewellery
 e - a ring of positive energy
 g - the ring of Noon (right claw) {Fire rPois Str-2 Slay+3}
   (You found it on level 3 of the Lair of Beasts)

   [ring of fire]

   It enhances your fire magic.
   Str:       It affects your strength (-2).
   Slay:      It affects your accuracy & damage with ranged weapons and melee
   (+3).
   rF:        It protects you from fire.
   rC:        It makes you vulnerable to cold.
   rPois:     It protects you from poison.
 o - a ring of resist corrosion (left claw)
 r - a ring of ice
 u - an amulet of guardian spirit
 C - an amulet of reflection (around neck)
 W - a +6 ring of intelligence
Wands
 y - a wand of digging (7)
 E - a wand of roots (18)
 H - a wand of charming (12)
 L - a wand of polymorph (7)
 N - a wand of flame (31)
Scrolls
 G - a scroll of fear {unknown}
 K - 2 scrolls of poison {unknown}
 M - 2 scrolls of vulnerability {unknown}
 O - 2 scrolls of enchant weapon {unknown}
 P - 7 scrolls of blinking {unknown}
 T - a scroll of magic mapping {unknown}
Potions
 b - 4 potions of resistance {unknown}
 c - 8 potions of might
 d - 4 potions of lignification {unknown}
 f - 3 potions of mutation {unknown}
 l - 10 potions of curing
 m - 3 potions of cancellation {unknown}
 p - 7 potions of heal wounds
 t - 3 potions of berserk rage {unknown}
 v - 9 potions of haste
 w - 7 potions of invisibility
 A - 2 potions of magic {unknown}
 B - 4 potions of degeneration {unknown}
 I - 3 potions of flight
 U - 2 potions of attraction
 V - 2 potions of ambrosia
 Y - a potion of brilliance {unknown}


   Skills:
 - Level 12.4 Fighting
 - Level 6.0 Throwing
 - Level 9.0 Dodging
 - Level 1.0 Stealth
 * Level 8.9 Shields
 - Level 14.6 Unarmed Combat


You had 13 spell levels left.
You didn't know any spells.
Your spell library was empty.

Dungeon Overview and Level Annotations

Branches:
Dungeon (10/15)            Temple (0/1) D:4            Lair (4/5) D:9
  Swamp (0/4) Lair:3       Spider (0/4) Lair:3          Orc (2/2) D:10
    Elf (0/3) Orc:2         Sewer (visited)         Volcano (visited)
  Slime: Lair:4-5

Altars:
Cheibriados
Fedhas
Gozag
Hepliaklqana
Kikubaaqudgha
Makhleb
Nemelex Xobeh
Qazlal
Sif Muna
Trog
Vehumet
Wu Jian
Zin
Lugonu

Shops:
D:7 [   Orc:1 ((?(   Orc:2 *=![

Portals:
Abyss: Lair:2
Pandemonium: Orc:2

Annotations:
D:5 2 transporters, Valagong's ghost, amateur MiFi
D:8 1 exclusion


Innate Abilities, Weirdness & Mutations

You are too large for most types of armour.
You have claws for hands.
Your natural rate of healing is unusually fast.
You are covered in fur. (AC +1)
You have tough skin. (AC +1)


Message History

Aiming: Fastroot
Press: ? - help, Shift-Dir - straight line, f/p - eight-headed hydra
Aim: an eight-headed hydra (lightly wounded, ally target)
The roots erupt in riotous growth!
Roots grab the eight-headed hydra.
Your river rat is unaffected.
Roots grab the wolf.
The grasping roots constrict the wolf.
The grasping roots constrict the eight-headed hydra.
The wolf bites you but does no damage. The eight-headed hydra bites you!
The eight-headed hydra barely misses you.
The eight-headed hydra closely misses you.
You block the eight-headed hydra's attack.
The eight-headed hydra bites you.
The eight-headed hydra bites you but does no damage.
The eight-headed hydra bites you! x2; The wolf bites you.
Your river rat bites the eight-headed hydra.
The grasping roots constrict the wolf!
The grasping roots constrict the eight-headed hydra!
The roots release their grip on the eight-headed hydra.
The wolf struggles to escape constriction.
Your ogre goes berserk!
The grasping roots constrict the wolf.
The roots release their grip on the wolf.
The wolf bites you!
* * * LOW HITPOINT WARNING * * *
The eight-headed hydra bites you!
* * * LOW HITPOINT WARNING * * *
The eight-headed hydra barely misses you.
The eight-headed hydra bites you!
* * * LOW HITPOINT WARNING * * *
The eight-headed hydra bites you!
* * * LOW HITPOINT WARNING * * *
A hell rat scurries out from under your cloak.
The eight-headed hydra bites you but does no damage.
The eight-headed hydra bites you!
* * * LOW HITPOINT WARNING * * *
The eight-headed hydra barely misses you.
The eight-headed hydra bites you!
You die...

#..## ##.~~≈≈
#######.# .~~
#.#.###.######:
##.............
#.............
#.............
#O............
##.............
#..@...........
#.rDh..........
#†r............
............
..............
##.#...........
#####.........
#.........
#........


You could see an eight-headed hydra (ally target), a wolf (ally target), a
friendly ogre (summoned, berserk), a friendly hell rat and a friendly river rat.

Vanquished Creatures
  An orc warlord (Orc:1)
  Azrael (Orc:2)
  2 demonspawn (Orc:2)
  Erolcha (Orc:1)
  The ghost of Vade the Spear-Bearer, a journeyman DsGl of Hepliaklqana (Lair:3)
  A centaur warrior (D:8)
  3 two-headed ogres
  3 orc high priests (Orc:2)
  A soul eater (Orc:2)
  2 lindwurms (Volcano)
  5 orc knights (Orc:2)
  A manticore (D:8)
  A cyclops (D:7)
  24 elephants
  10 orc sorcerers
  2 black mambas
  A rust devil (Orc:2)
  6 cane toads
  5 molten gargoyles (Volcano)
  Joseph (Lair:1)
  7 rime drakes
  3 efreet (Volcano)
  A tengu conjurer (D:8)
  3 komodo dragons
  A hellwing (Orc:2)
  2 trolls
  2 hornets
  A polar bear (Lair:1)
  12 blink frogs
  A shadow (D:9)
  24 yaks
  A vampire (D:9)
  10 fire elementals
  A wraith (D:10)
  4 wyverns
  4 basilisks
  A neqoxec (Orc:2)
  Menkaure (D:4)
  A warg (Orc:2)
  10 water moccasins
  Duvessa (D:5)
  2 hell hounds
  Pargi (D:3)
  27 orc warriors
  A black bear (Lair:2)
  3 ice beasts
  4 ogres
  13 wolves
  4 centaurs
  3 phantoms (D:5)
  5 bullfrogs
  2 kobold brigands (Sewer)
  An earth elemental (Volcano)
  2 necrophages
  9 scorpions
  2 gnoll sergeants
  5 wights (D:6)
  Dowan (D:5)
  4 killer bees (D:8)
  A dream sheep simulacrum (Lair:3)
  An electric eel (Lair:2)
  3 howler monkeys
  2 rime drake simulacra (Lair:3)
  2 komodo dragon simulacra (Lair:3)
  A jelly (D:6)
  2 hounds
  25 orc priests
  A gnoll bouda (Orc:1)
  2 iguanas
  Ijyb (D:3)
  Terence (D:3)
  14 orc wizards
  A polar bear simulacrum (Lair:3)
  3 hell rats
  13 gnolls
  15 adders
  30 river rats
  A shadow imp (D:7)
  3 white imps
  2 worms
  3 dart slugs
  68 orcs
  3 endoplasms
  2 giant cockroaches
  8 goblins
  8 hobgoblins
  2 jackals (D:4)
  4 quokkas
  7 ball pythons
  6 bats
  7 frilled lizards
  19 kobolds
  18 rats
  A spectral hobgoblin (D:9)
  2 fire vortices (Volcano)
  A lurking horror (Lair:2)
535 creatures vanquished.

Vanquished Creatures (collateral kills)
  2 elephants (Lair:3)
  A yak (D:10)
  An orc warrior (Orc:2)
  A wolf (Lair:1)
  A howler monkey (D:10)
  An orc priest (Orc:2)
  2 gnolls (D:10)
  A river rat (Lair:1)
  8 orcs
  A rat (Lair:1)
19 creatures vanquished.

Vanquished Creatures (others)
  A fire vortex (Volcano)
  10 fungi
  A lurking horror (Lair:2)
  51 plants
63 creatures vanquished.

Grand Total: 617 creatures vanquished

Notes
Turn   | Place    | Note
-------+----------+-------------------------------------------
     0 | D:1      | browni3141 the Troll Berserker began the quest for the Orb.
     0 | D:1      | Reached XP level 1. HP: 22/22 MP: 0/0
    69 | D:1      | Reached skill level 1 in Stealth
    69 | D:1      | Reached XP level 2. HP: 29/29 MP: 1/1
   296 | D:1      | Reached ** piety under Trog
   629 | D:2      | Reached XP level 3. HP: 36/36 MP: 2/2
  1409 | D:3      | Reached XP level 4. HP: 45/45 MP: 3/3
  1413 | D:3      | Noticed Pargi
  1454 | D:3      | Noticed Ijyb
  1469 | D:3      | Killed Ijyb
  1470 | D:3      | Reached skill level 4 in Unarmed Combat
  1470 | D:3      | Reached XP level 5. HP: 51/53 MP: 4/4
  1512 | D:3      | Reached *** piety under Trog
  1540 | D:3      | Noticed Terence
  1546 | D:3      | Killed Terence
  1698 | D:3      | Reached XP level 6. HP: 59/62 MP: 5/5
  1808 | D:3      | Found a glowing drain.
  1812 | Sewer    | Entered a sewer
  1836 | Sewer    | Reached skill level 5 in Unarmed Combat
  2269 | D:3      | Killed Pargi
  2270 | D:3      | Reached XP level 7. HP: 71/71 MP: 6/6
  2677 | D:4      | Noticed Menkaure
  2749 | D:4      | Killed Menkaure
  2750 | D:4      | Reached skill level 5 in Fighting
  2750 | D:4      | Reached skill level 6 in Unarmed Combat
  2853 | D:4      | Found a staircase to the Ecumenical Temple.
  2889 | D:4      | Reached **** piety under Trog
  2913 | D:4      | Found an ancient bone altar of Kikubaaqudgha.
  3627 | D:5      | Entered Level 5 of the Dungeon
  3682 | D:5      | Reached XP level 8. HP: 81/81 MP: 7/7
  3821 | D:5      | Found a blossoming altar of Fedhas.
  3821 | D:5      | Found a radiant altar of Vehumet.
  3823 | D:5      | Found a sparkling altar of Nemelex Xobeh.
  3916 | D:5      | Reached skill level 7 in Unarmed Combat
  4002 | D:5      | Noticed Duvessa
  4006 | D:5      | Noticed Dowan
  4012 | D:5      | Killed Duvessa
  4018 | D:5      | Killed Dowan
  4429 | D:5      | Found a transporter.
  4432 | D:5      | Found a transporter.
  4434 | D:5      | Noticed Valagong's ghost (amateur MiFi)
  4759 | D:6      | Reached XP level 9. HP: 92/92 MP: 8/8
  4780 | D:6      | Reached skill level 8 in Unarmed Combat
  4811 | D:6      | Reached skill level 5 in Dodging
  4811 | D:6      | Found the +2 ratskin cloak {*Rats rPois rN+ Str-1 Int-1
                  | Dex+1}
  5132 | D:6      | Found a large runed translucent door.
  5132 | D:6      | Found a large runed translucent door.
  5328 | D:6      | Reached ***** piety under Trog
  5848 | D:6      | Found a snail-covered altar of Cheibriados.
  5861 | D:6      | Found an ornate altar of the Wu Jian Council.
  5908 | D:7      | Reached skill level 9 in Unarmed Combat
  6343 | D:7      | Noticed a cyclops
  6347 | D:7      | Killed a cyclops
  6417 | D:7      | Found Toamupuy's Armour Shoppe.
  6426 | D:7      | Bought a +0 kite shield for 63 gold pieces
  6596 | D:8      | Noticed a manticore
  6600 | D:8      | Noticed a tengu conjurer
  6604 | D:8      | Killed a manticore
  6605 | D:8      | Reached XP level 10. HP: 104/104 MP: 9/9
  6609 | D:8      | Noticed a centaur warrior
  6618 | D:8      | Killed a centaur warrior
  6619 | D:8      | Reached skill level 10 in Unarmed Combat
  6913 | D:8      | Found an opulent altar of Gozag.
  6914 | D:8      | Found a glowing silver altar of Zin.
  6947 | D:8      | Found a burning altar of Makhleb.
  7123 | D:8      | Noticed a moth of wrath
  7126 | D:8      | Found a bloodstained altar of Trog.
  7462 | D:9      | Found a hazy altar of Hepliaklqana.
  7689 | D:9      | Found a staircase to the Lair.
  8087 | D:10     | Entered Level 10 of the Dungeon
  8147 | D:10     | Reached skill level 11 in Unarmed Combat
  8200 | D:10     | Noticed a two-headed ogre
  8204 | D:10     | Killed a two-headed ogre
  8376 | D:10     | Reached XP level 11. HP: 115/115 MP: 10/10
  8379 | D:10     | Received a gift from Trog
  8398 | D:10     | Found a stormy altar of Qazlal.
  8594 | D:10     | Found a staircase to the Orcish Mines.
  8608 | D:10     | Found a shimmering blue altar of Sif Muna.
  8832 | D:7      | Bought a +2 robe of willpower for 247 gold pieces
  8905 | Orc:1    | Entered Level 1 of the Orcish Mines
  8905 | Orc:1    | Found Wirit's Weapon Shop.
  8940 | Orc:1    | Noticed Erolcha
  8950 | Orc:1    | Killed Erolcha
  9009 | Orc:1    | Found Eshroxouz's Magic Scroll Boutique.
  9014 | Orc:1    | Noticed an orc sorcerer
  9019 | Orc:1    | Killed an orc sorcerer
  9035 | Orc:1    | Found Yner Poa's Antique Weapon Boutique.
  9084 | Orc:1    | Noticed a two-headed ogre
  9092 | Orc:1    | Killed a two-headed ogre
  9093 | Orc:1    | Reached skill level 10 in Fighting
  9189 | Orc:1    | Found Lahy's Weapon Shoppe.
  9198 | Orc:1    | Noticed an orc sorcerer
  9204 | Orc:1    | Killed an orc sorcerer
  9317 | Orc:1    | Noticed an orc warlord
  9333 | Orc:1    | Killed an orc warlord
  9334 | Orc:1    | Reached skill level 12 in Unarmed Combat
  9516 | Orc:2    | Entered Level 2 of the Orcish Mines
  9538 | Orc:2    | Found a staircase to the Elven Halls.
  9589 | Orc:2    | Noticed an orc knight
  9601 | Orc:2    | Killed an orc knight
  9911 | Orc:2    | Noticed a two-headed ogre
  9918 | Orc:2    | Killed a two-headed ogre
 10081 | Orc:2    | Noticed Azrael
 10332 | Orc:2    | Killed Azrael
 10333 | Orc:2    | Reached XP level 12. HP: 128/128 MP: 11/11
 10616 | Orc:2    | Found Qekhluakk's General Store.
 10630 | Orc:2    | Found Deywkaidgh's Distillery.
 10674 | Orc:2    | Reached skill level 13 in Unarmed Combat
 10851 | Orc:2    | Bought a potion of might for 52 gold pieces
 10851 | Orc:2    | Bought a potion of attraction for 39 gold pieces
 10853 | Orc:2    | Bought a potion of heal wounds for 85 gold pieces
 10853 | Orc:2    | Bought a potion of invisibility for 136 gold pieces
 10853 | Orc:2    | Bought a potion of haste for 170 gold pieces
 10853 | Orc:2    | Bought a potion of heal wounds for 85 gold pieces
 10853 | Orc:2    | Bought a potion of flight for 51 gold pieces
 11237 | Orc:2    | Received a gift from Trog
 11333 | Orc:2    | Noticed an orc high priest
 11334 | Orc:2    | Noticed a demonspawn
 11357 | Orc:2    | Killed an orc high priest
 11362 | Orc:2    | Killed a demonspawn
 11405 | Orc:2    | Noticed an orc high priest
 11413 | Orc:2    | Reached skill level 14 in Unarmed Combat
 11419 | Orc:2    | Killed an orc high priest
 11441 | Orc:2    | Noticed an orc high priest
 11445 | Orc:2    | Killed an orc high priest
 11446 | Orc:2    | Found Atepuhac's Antique Armour Shoppe.
 11446 | Orc:2    | Found Xingo's Jewellery Emporium.
 11446 | Orc:2    | Found a one-way gate leading to the halls of Pandemonium.
 11446 | Orc:2    | Noticed a demonspawn
 11453 | Orc:2    | Killed a demonspawn
 11743 | Lair:1   | Entered Level 1 of the Lair of Beasts
 11743 | Lair:1   | Noticed Joseph
 11803 | Lair:1   | Reached XP level 13. HP: 140/140 MP: 12/12
 11809 | Lair:1   | Killed Joseph
 12585 | Lair:2   | Reached skill level 1 in Throwing
 12585 | Lair:2   | Reached skill level 1 in Shields
 12649 | Lair:2   | Found a one-way gate to the infinite horrors of the Abyss.
 12655 | Lair:2   | Found a corrupted altar of Lugonu.
 12763 | Lair:2   | Identified the +4 trident of Dullness {chaos, rElec rN+
                  | rCorr Stlth-}
 12927 | Lair:2   | Found a dark tunnel.
 12936 | Volcano  | Entered a volcano
 13146 | Volcano  | Reached skill level 5 in Throwing
 13146 | Volcano  | Reached skill level 5 in Shields
 13827 | Lair:3   | Noticed Vade's ghost (journeyman DsGl)
 13854 | Lair:3   | Found a runed translucent gate.
 13854 | Lair:3   | Found a runed translucent gate.
 13854 | Lair:3   | Found a runed translucent gate.
 13927 | Lair:3   | Reached XP level 14. HP: 108/150 MP: 13/13
 13935 | Lair:3   | Received a gift from Trog
 14026 | Lair:3   | Found a hole to the Spider Nest.
 14136 | Lair:3   | Found a staircase to the Swamp.
 14491 | Lair:3   | Killed Vade's ghost
 14560 | Lair:3   | Identified the ring of Noon {Fire rPois Str-2 Slay+3}
 14745 | Lair:4   | HP: 6/150 [eight-headed hydra (14)]
 14745 | Lair:4   | Mangled by an eight-headed hydra

Illustrated notes

Levels and vault maps discovered:
D:1:      dpeg_arrival_tiny_f, layout_basic
D:2:      layout_basic
D:3:      layout_rooms, gup_sewer_entry_spiral, minmay_misc_feat_rugged,
          uniq_terence, uniq_ijyb, uniq_pargi
D:4:      layout_layer_cave, nicolae_kikubaaqudgha_miasma_corner, temple_pool_b,
          uniq_menkaure
D:5:      layout_loops_ring, minitemple, serial_rivers,
          chequers_serial_rivers_micro_b, chequers_serial_rivers_large_a,
          chequers_serial_rivers_room_b, chequers_serial_rivers_room_b,
          chequers_serial_rivers_micro_e, chequers_serial_rivers_micro_d,
          gammafunk_ghost_hive, nicolae_underground_beach, uniq_duvessa
D:6:      wander_guarded_unrand_ratskin, layout_layer_cave,
          jmf_multi_god_temple2, kennysheep_potato
D:7:      layout_loops_ring, serial_shops, shop
D:8:      minmay_bloctagon_deflated, layout_loops_ring,
          grunt_temple_overflow_gold_and_silver, mainiacjoe_overflow_alcove_1,
          tgw_trog
D:9:      layout_gridville, nicolae_hepliaklqana_monster_ancestors,
          lair_entry_dummy, minmay_misc_feat_plants
D:10:     layout_irregular_city, lemuel_round_altar,
          mainiacjoe_overflow_boulevard, orc_0_dummy,
          nicolae_elevator_lobby_plus
Lair:1:   layout_misc_corridors, kennysheep_rathole, grunt_megastairs_1,
          lemuel_fruit_fields, infiniplex_staircase_pool, uniq_joseph
Lair:2:   layout_chaotic_city, enter_volcano_1, st_stairs_4,
          serial_bayou_lagoon_a, serial_bayou_ford_a,
          amcnicky_altar_lugonu_corruption
Lair:3:   layout_misc_corridors, swamp_mist_pool, spider_nest_entry_web_field,
          gammafunk_ghost_icy, grunt_megastairs_3
Lair:4:   layout_gridlike, minmay_slime_entry_pillars
Orc:1:    layout_caves, serial_shops, nicolae_diamond_shop, shop_statue,
          nicolae_shop_waterfront, nicolae_shop_bloodbath_and_beyond,
          minmay_orc_barracks, uniq_erolcha
Orc:2:    pf_orc_diabolical, layout_caves, uniq_azrael

Skill      XL: |  1  2  3  4  5  6  7  8  9 10 11 12 13 14 |
---------------+-------------------------------------------+-----
Stealth        | 1 |  1.0
Fighting       | 3 4 5 6 8 9 10 12 | 12.4
Unarmed Combat | 4 5 6 7 9 11 12 14 | 14.6
Dodging        | 3 4 5 6 7 8 9 |  9.0
Throwing       | 6 |  6.0
Shields        | 6 8 |  8.9

Action                     |  1- 3 |  4- 6 |  7- 9 | 10-12 | 13-15 || total
---------------------------+-------+-------+-------+-------+-------++-------
  Melee: Unarmed           |    88 |   144 |   318 |   551 |   429 ||  1530
         Punch             |     1 |     3 |    14 |    41 |    45 ||   104
  Throw: Boomerang         |       |       |       |    23 |    33 ||    56
         Dart              |       |       |       |     1 |       ||     1
 Invoke: Berserk           |     1 |     3 |     8 |    11 |     6 ||    29
         Trog's Hand       |       |     1 |       |     8 |     1 ||    10
         Brothers in Arms  |       |       |       |     1 |     1 ||     2
  Evoke: Wand              |       |       |       |       |    13 ||    13
    Use: Potion            |       |       |       |     1 |       ||     1
   Stab: Sleeping          |     1 |     1 |     5 |       |       ||     7
         Distracted        |       |       |       |     1 |       ||     1
 Armour: Animal skin       |    28 |    63 |       |       |       ||    91
         Troll leather arm |       |       |    77 |    32 |    95 ||   204
         Robe              |       |       |       |    78 |     4 ||    82
  Dodge: Dodged            |    42 |    76 |   119 |   220 |   162 ||   619
  Block: Other             |       |       |    41 |    90 |    74 ||   205
         Reflection        |       |       |     1 |     2 |       ||     3

Table legend: (Time is in decaauts)
 A = Elapsed time spent in this place.
 B = Non-inter-level travel time spent in this place.
 C = Inter-level travel time spent in this place.
 D = Time resting spent in this place.
 E = Time spent auto-exploring this place.
 F = Levels seen in this place.
 G = Mean time per level.
                   A        B        C        D        E       F      G
               +--------+--------+--------+--------+--------+-----+--------+
         Total |  14726 |  14114 |    612 |   1496 |   9180 |  18 |  818.1 |
       Dungeon |   8811 |   8333 |    478 |    425 |   6223 |  10 |  881.1 |
          Lair |   2389 |   2341 |     48 |     50 |   1443 |   4 |  597.2 |
  Orcish Mines |   2770 |   2685 |     85 |    708 |   1355 |   2 | 1385.0 |
         Sewer |    273 |    273 |      0 |     51 |    136 |   1 |  273.0 |
       Volcano |    480 |    480 |      0 |    261 |     23 |   1 |  480.0 |
               +--------+--------+--------+--------+--------+-----+--------+

Top non-repeatable levels by time:
   Orc:2: 1793 daAuts
     D:6: 1295 daAuts
     D:4: 1252 daAuts
     D:9: 977 daAuts
   Orc:1: 976 daAuts
     D:5: 974 daAuts
  Lair:2: 816 daAuts
  Lair:3: 804 daAuts
     D:2: 796 daAuts
     D:3: 792 daAuts
     D:7: 745 daAuts
     D:8: 731 daAuts
    D:10: 708 daAuts
  Lair:1: 634 daAuts
     D:1: 537 daAuts
